AoeStats
← 76896859

Golden Pit

509898981Analyzed
1v1 RM · 4d ago on Sep 28, 2026· 41m 39s· 2 players
Game mode
Random Map
Map size
Tiny (2 player)
Population
200
Speed
Normal
Resources
Standard
Victory
Conquest
Starting age
Dark Age
Ending age
Imperial Age
RankedLock teamsTeams togetherTeam positionsShared explorationLock speedFull tech treeHidden civsTurbo modeCheats
Victory
Defeat
🇨🇳 Huns · China
1011
+17
🇪🇸 Goths · Spain
1038
-17
76896859
2:34 Loom
11:23 Feudal Age
12:02 Double-Bit Axe
12:00 Horse Collar
16:44 Fletching
25:00 Castle Age
23:35 Gold Mining
24:34 Wheelbarrow
24:10 Scale Barding Armor
24:17 Bloodlines
25:02 Forging
25:57 Heavy Plow
26:45 Gold Shaft Mining
26:52 Husbandry
29:38 Bow Saw
32:46 Chain Barding Armor
34:27 Hand Cart
35:19 Iron Casting
35:44 Town Watch
38:02 Stone Mining
43:20 Imperial Age
41:28 Bodkin Arrow
41:57 Town Patrol
Jorge
7:33 Loom
11:03 Feudal Age
11:34 Double-Bit Axe
17:23 Castle Age
20:33 Fletching
25:17 Horse Collar
26:06 Scale Mail Armor
26:41 Pikeman
32:15 Forging
34:46 Chain Mail Armor
37:07 Iron Casting
41:20 Bodkin Arrow
Connection lost

Rejoining the realm…

Still unreachable

The connection could not be restored.

Session expired

The server has moved on; the page needs a fresh start.